 Dungeon Crawl Stone Soup version 0.20.1-1-g8b1a95d (webtiles) character file.

44 Sancrist the Sneak (level 3, -2/27 HPs)
             Began as a Vampire Assassin on Sept 26, 2017.
             Slain by an adder (3 damage)
             ... on level 1 of the Dungeon.
             The game lasted 00:14:32 (1704 turns).

Sancrist the Sneak (Vampire Assassin)               Turns: 1704, Time: 00:14:33

Health: -2/27      AC:  3    Str: 10    XL:     3   Next: 39%
Magic:  3/3        EV: 12    Int: 13    God:
Gold:   28         SH:  0    Dex: 16    Spells: 2/2 levels left

rFire    . . .     SeeInvis +   a - +4 dagger
rCold    . . .     Gourm    .   (no shield)
rNeg     + . .     Faith    .   c - +0 robe
rPois    .         Spirit   .   (no helmet)
rElec    .         Reflect  .   d - +0 cloak
rCorr    .         Harm     .   (no gloves)
MR       .....                  (no boots)
Stlth    ++++......             (no amulet)
Regen    0.1/turn               (no ring)
MPRegen  0.1/turn               (no ring)

@: lethally poisoned (-2 -> -5)
A: fangs 3, see invisible, unbreathing
a: Bat Form


You were on level 1 of the Dungeon.
You were not thirsty.

You visited 1 branch of the dungeon, and saw 2 of its levels.

You collected 28 gold pieces.

Inventory:

Hand Weapons
 a - a +4 dagger (weapon)
 b - a +0 blowgun
 h - a +0 dagger
 j - a +0 dagger
 k - a +0 dagger
 m - a +0 dagger
 n - a +0 club
 s - a +0 club
 u - a +0 short sword
 w - a +0 dagger
 z - a +0 club
 A - a +0 club
Missiles
 e - 5 poisoned needles (quivered)
 f - 2 curare-tipped needles
 i - 31 arrows
 r - 29 bolts
 t - 45 stones
Armour
 c - a +0 robe (worn)
 d - a +0 cloak (worn)
 l - a +0 robe
 q - a +0 plate armour
 x - a +0 animal skin
 y - a +0 helmet
Scrolls
 o - a scroll of enchant armour {unknown}
 p - a scroll of noise {unknown}
 v - a scroll of identify {unknown}
Potions
 g - 9 potions of blood


   Skills:
 + Level 2.0 Fighting
 + Level 2.9 Short Blades
 + Level 1.6 Throwing
 + Level 1.2 Dodging
 + Level 7.0 Stealth


You had 2 spell levels left.
You didn't know any spells.

Dungeon Overview and Level Annotations

Branches:
Dungeon (2/15)

Altars:


Innate Abilities, Weirdness & Mutations

You have razor-sharp teeth.
You have supernaturally acute eyesight. (SInv)
You can survive without breathing.


Message History

You miss the adder. You bite the adder.
The adder is heavily wounded.
* * * LOW HITPOINT WARNING * * *
You feel sick. The adder bites you.
* * * LOW HITPOINT WARNING * * *
There is an open door here.
Tossing away (i - inventory. (,) - cycle):
e - 7 poisoned needles (quivered)
Press: ? - help, Shift-Dir - straight line, f - adder
Aim: an adder (heavily wounded)
You toss away a poisoned needle.
The poisoned needle hits the adder.
The adder is heavily wounded.
The adder misses you. The adder bites you but does no damage.
Tossing away (i - inventory. (,) - cycle):
e - 6 poisoned needles (quivered)
Press: ? - help, Shift-Dir - straight line, f/p - adder
Aim: an adder (heavily wounded)
You toss away a poisoned needle.
The poisoned needle completely misses the adder.
* * * LOW HITPOINT WARNING * * *
You feel sick. The adder bites you.
You die...

#.#.####.#.................
#.#.####.#................#
#.#......#.........###.....
##.#########################
#..........รท................
###########>................
#.###############. #S#
##...........
#####@####............
#.......##............
#.......##............
#.......##....#######.
#...................'.
#####'#.#############. #.#.#
#. #.#.# #. #.#.# #.


You could see an adder.

Vanquished Creatures
  Robin (D:1)
  A dart slug (D:1)
  A leopard gecko (D:1)
  A bat (D:1)
  7 hobgoblins (D:1)
  A frilled lizard (D:1)
  9 goblins
  3 kobolds (D:1)
  5 rats (D:1)
29 creatures vanquished.

Notes
Turn   | Place    | Note
-------+----------+-------------------------------------------
     0 | D:1      | Sancrist the Vampire Assassin began the quest for the Orb.
     0 | D:1      | Reached XP level 1. HP: 16/16 MP: 1/1
   119 | D:1      | Reached skill level 6 in Stealth
   399 | D:1      | Reached XP level 2. HP: 22/22 MP: 2/2
   957 | D:2      | Noticed Robin
  1305 | D:1      | HP: 1/22 [goblin/club[Robin] (1)]
  1317 | D:1      | Reached XP level 3. HP: 3/27 MP: 3/3
  1643 | D:1      | Killed Robin
  1643 | D:1      | Reached skill level 7 in Stealth
  1701 | D:1      | HP: 1/27 [adder (3)]
  1704 | D:1      | Slain by an adder

Skill      XL: |  1  2  3 |
---------------+----------+-----
Stealth        | 6 7 |  7.0
Fighting       | 2 |  2.0
Short Blades   | |  2.9
Throwing       | |  1.6
Dodging        | |  1.2

Action                   || total
-------------------------++-------
Melee: Dagger            ||    72
       Bite              ||     6
 Fire: Blowgun           ||     2
  Use: Scroll            ||     3
       Potion            ||     3
 Stab: Sleeping          ||     5
Armor: Robe              ||    24
       Skin              ||    23
Dodge: Dodged            ||    51
